 Dungeon Crawl Stone Soup version 0.30-b1-2-g02819fbbbe (webtiles) character file.

Game seed: 8297708208528493034

64395 Hivemindfullness the Bludgeoner (level 14, -13/133 HPs)
             Began as a Minotaur Berserker on Oct 28, 2023.
             Was a High Priest of Trog.
             Mangled by an azure jelly (31 damage)
             ... on level 5 of the Lair of Beasts.
             The game lasted 02:17:56 (20071 turns).

Hivemindfullness the Bludgeoner (MiBe)             Turns: 20071, Time: 02:17:57

Health: -13/133    AC: 25    Str: 32    XL:     14   Next: 71%
Magic:  13/13      EV: 11    Int:  4    God:    Trog [*****.]
Gold:   1259       SH:  0    Dex: 20    Spells: 13/13 levels left

rFire   + . .        w - +7 eveningstar (flame)
rCold   . . .        i - +0 kite shield
rNeg    + + .        P - +0 plate armour
rPois   .            (helmet restricted)
rElec   .            B - +1 cloak of the Iron City of Dis {Drain rF+ rN++ Dex+2}
rCorr   .            x - +0 pair of gloves of Distant Shores {Dex+4 Slay+3}
SInv    +            y - +3 pair of seven-league boots {Rampage+∞}
Will    +....        I - amulet "Dujya" {Reflect Dex+3 SH+5 SInv} Stlth
                     c - +6 ring of strength
HPRegen 0.42/turn    l - +4 ring of slaying
MPRegen 0.13/turn

%: reflection, rampage+∞
@: confused
A: horns 2, retaliatory headbutt
a: Renounce Religion, Berserk, Trog's Hand, Brothers in Arms


You were on level 5 of the Lair of Beasts.
You worshipped Trog.
Trog was extremely pleased with you.
You visited 3 branches of the dungeon, and saw 17 of its levels.
You also visited: Sewer and Ossuary.

You collected 1259 gold pieces.

Inventory:

Hand Weapons
 s - a +3 antimagic morningstar
 w - a +7 eveningstar of flaming (weapon)
 X - a +4 spectral demon whip
Missiles
 f - 124 stones
 h - 2 javelins
 v - 4 silver javelins
 N - a throwing net
 Q - 6 boomerangs (quivered)
Armour
 i - a +0 kite shield (worn)
 x - the +0 pair of gloves of Distant Shores (worn) {Dex+4 Slay+3}
   (You acquired it on level 4 of the Dungeon)

   Dex:       It affects your dexterity (+4).
   Slay:      It affects your accuracy & damage with ranged weapons and melee
   (+3).
 y - the +3 pair of seven-league boots (worn) {Rampage+∞}
   (You acquired it on level 4 of the Dungeon)

   Rampage+∞: When moving toward enemies, its wearer moves as far as possible.
 B - the +1 cloak of the Iron City of Dis (worn) {Drain rF+ rN++ Dex+2}
   (You found it on level 5 of the Dungeon)

   Dex:       It affects your dexterity (+2).
   rF:        It protects you from fire.
   rN:        It greatly protects you from negative energy.
   Drain:     It drains your maximum health when unequipped.
 P - a +0 plate armour (worn)
Jewellery
 c - a +6 ring of strength (left hand)
 j - a ring of ice
 l - a +4 ring of slaying (right hand)
 F - a ring of fire
 I - the amulet "Dujya" (around neck) {Reflect Dex+3 SH+5 SInv}
   (You acquired it on level 8 of the Dungeon)

   [amulet of reflection]

   It reflects blocked missile attacks.
   Dex:       It affects your dexterity (+3).
   SInv:      It lets you see invisible.
   SH:        It affects your SH (+5).
 K - the ring "Biprunuc" {rF+ MP+9}
   (You found it on level 7 of the Dungeon)

   [ring of protection from fire]

   rF:        It protects you from fire.
   MP:        It affects your magic capacity (+9).
 T - the amulet of Zuacuuf {Acrobat Rampage rC+ Regen+ Str-2}
   (You found it on level 1 of the Lair of Beasts)

   [amulet of the acrobat]

   It increases your evasion while moving and waiting.
   Str:       It affects your strength (-2).
   rC:        It protects you from cold.
   Regen:     It increases your rate of health regeneration.
   Rampage:   It bestows one free step when moving towards enemies.
Wands
 g - a wand of charming (14)
 A - a wand of digging (3)
 M - a wand of roots (8)
 U - a wand of flame (6)
 Y - a wand of mindburst (2)
Scrolls
 a - 3 scrolls of immolation
 k - 7 scrolls of teleportation
 p - 7 scrolls of poison
 q - a scroll of torment {unknown}
 r - 4 scrolls of enchant armour
 D - 3 scrolls of magic mapping
 G - 2 scrolls of blinking
 R - a scroll of butterflies {unknown}
 W - a scroll of fear
Potions
 b - a potion of invisibility
 d - a potion of berserk rage
 e - 7 potions of ambrosia
 m - 3 potions of haste
 n - 4 potions of attraction
 o - 3 potions of might
 u - 5 potions of heal wounds
 z - 2 potions of resistance
 C - 4 potions of mutation
 E - 2 potions of cancellation {unknown}
 H - 2 potions of flight
 J - 3 potions of curing
 O - 3 potions of lignification
Miscellaneous
 t - a lightning rod (4/4)
 S - a tin of tremorstones (2/2)
 V - a box of beasts


   Skills:
 + Level 14.9 Fighting
 + Level 18.1 Maces & Flails
 + Level 2.6 Ranged Weapons
 + Level 4.7 Throwing
 + Level 13.7 Armour
 + Level 4.6 Dodging
 - Level 2.0 Stealth
 + Level 14.2 Shields
 + Level 1.0 Evocations


You had 13 spell levels left.
You didn't know any spells.
Your spell library contained the following spells:

 Spells                   Type           Power      Damage    Failure   Level
 Poisonous Vapours        Pois/Air       0%         N/A       99%         2
 Gell's Gravitas          Tloc           0%         N/A       100%        3
 Mephitic Cloud           Conj/Pois/Air  0%         N/A       100%        3
 Teleport Other           Tloc           0%         N/A       100%        3
 Freezing Cloud           Conj/Ice/Air   0%         6-21      100%        5
 Summon Forest            Summ/Tloc      0%         N/A       100%        5
 Dispersal                Tloc           0%         N/A       100%        6
 Eringya's Noxious Bog    Tmut/Pois      0%         N/A       100%        6
 Summon Hydra             Summ           0%         N/A       100%        7


Dungeon Overview and Level Annotations

Branches:
Dungeon (11/15)            Temple (0/1) D:6            Lair (5/5) D:11
 Shoals (0/4) Lair:3       Spider (0/4) Lair:3        Slime (1/5) Lair:5
    Orc (0/2) D:9           Sewer (visited)         Ossuary (visited)

Altars:
Ashenzari
Cheibriados
Dithmenos
Elyvilon
Fedhas
Gozag
Hepliaklqana
Kikubaaqudgha
Makhleb
Nemelex Xobeh
Okawaru
Qazlal
Ru
Sif Muna
Trog
Uskayaw
Vehumet
Wu Jian
Xom
Yredelemnul
Zin
The Shining One

Shops:
D:3 (

Annotations:
D:10 3 runed translucent doors, exclusions: 3 doors, 2 hydras, player ghost and 3 more exclusions, othur's ghost, novice DjCj


Innate Abilities, Weirdness & Mutations

You have a pair of horns on your head.
You reflexively headbutt those who attack you in melee.


Message History

The azure jelly hits you but does no damage. x2
You block the azure jelly's attack.
There is a staircase back to the Lair here.
The golden eye blinks at you. You resist with some effort.
The golden eye blinks at you.
You are confused.
The slime creature hits you but does no damage.
The azure jelly hits you but does no damage.
The azure jelly closely misses you.
The azure jelly hits you but does no damage.
The azure jelly barely misses you.
You climb upwards.
Welcome back to the Lair of Beasts!
There is a staircase to the Slime Pits, spattered with blood here.
Okay, then.
Unknown command.
You puncture the azure jelly! You burn the azure jelly.
Your headbutt misses the azure jelly.
The azure jelly is moderately wounded.
The golden eye blinks at you.
You easily resist.
The golden eye blinks at you. You resist with almost no effort.
The slime creature barely misses you.
The azure jelly hits you but does no damage. x4
The golden eye blinks at you.
You are more confused.
The golden eye blinks at you.
You are more confused.
The golden eye blinks!
The golden eye blinks at you.
You easily resist.
The golden eye blinks!
The azure jelly barely misses you.
The azure jelly hits you but does no damage. x2
The azure jelly closely misses you. The slime creature hits you!
* * * LOW HITPOINT WARNING * * *
The azure jelly attacks as you move away!
The azure jelly hits you.
* * * LOW HITPOINT WARNING * * *
The azure jelly freezes you!!
You die...

##.##.## ##..#.#.#######
#........#.#.P### ##
#...............#### .#
####......#...###..##.####
.###..##...###...# #...#....###
............##...###..........##
#........................#.#...#
.###....#......J@.G....###.#..##
.#....##...G...J........#.##..#
...........###.......#......#.#
.##........##....###.......##.##
.##...#.....##....##......##...#
...#...##....................<.#
####...#.....#.....####+.###...#
###P.).####.##......#.#...#P..##
#.#P..## ####.....##..+.#....##


You could see an azure jelly, a slime creature and 2 golden eyes.

Vanquished Creatures
  Erolcha (D:10)
  The ghost of Fartwhistle the Skirmisher, a journeyman GnHu of Gozag (Lair:1)
  An ogre mage (D:11)
  3 hydras (Lair:5)
  6 death yaks (Lair:3)
  2 centaur warriors (D:11)
  3 two-headed ogres
  A death knight (D:11)
  A boulder beetle (D:11)
  6 skeletal warriors (D:11)
  2 skysharks (Lair:5)
  Pikel (D:9)
  An ugly thing (D:11)
  3 oklob plants (Lair:2)
  5 cyclopes (D:11)
  5 harpies (Lair:3)
  2 manticores (D:11)
  A moth of wrath (Lair:1)
  14 elephants
  5 black mambas
  A gargoyle (D:11)
  2 torpor snails
  18 cane toads
  2 rime drakes
  5 komodo dragons
  A queen bee (D:10)
  2 tyrant leeches (Lair:5)
  5 trolls
  3 polar bears
  2 hornets (Lair:1)
  Grinder (D:4)
  13 blink frogs
  Prince Ribbit (D:6)
  5 dream sheep (Lair:5)
  5 slime creatures (Lair:5)
  6 wyverns
  A shadow (D:9)
  6 spriggans (Lair:1)
  Eustachio (D:5)
  36 yaks
  5 basilisks
  10 vampire mosquitoes
  Grum (D:11)
  Menkaure (D:6)
  A steam dragon (D:7)
  19 water moccasins
  6 acid dragons
  7 orc warriors
  A sky beast (D:6)
  2 black bears
  4 ice beasts
  17 wolves
  3 ogres
  8 centaurs
  A lemure (D:9)
  2 kobold brigands
  7 scorpions
  16 bullfrogs
  3 gnoll sergeants
  3 elf zombies (Ossuary)
  18 wights
  24 killer bees
  3 howler monkeys
  2 electric eels
  3 centaur zombies (Ossuary)
  6 human zombies (Ossuary)
  4 jellies
  A gnoll bouda (D:8)
  2 orc priests (D:9)
  2 hounds
  3 iguanas
  2 sleepcaps
  6 orc wizards
  A hell rat (Sewer)
  3 mummies (Ossuary)
  17 gnolls
  14 adders
  A river rat (Sewer)
  A shadow imp (D:7)
  3 white imps
  5 worms
  2 dart slugs
  22 orcs
  7 ball pythons
  4 endoplasms
  11 giant cockroaches
  8 goblins
  3 hobgoblins (D:2)
  10 jackals
  2 quokkas (D:5)
  7 bats
  8 frilled lizards
  19 kobolds
  13 rats
  A spectral orc (D:10)
  A plant (Lair:2)
536 creatures vanquished.

Vanquished Creatures (others)
  A wizard (D:5)
  18 fungi
  82 plants
  A withered plant (D:5)
102 creatures vanquished.

Grand Total: 638 creatures vanquished

Notes
Turn   | Place    | Note
-------+----------+-------------------------------------------
     0 | D:1      | Hivemindfullness the Minotaur Berserker began the quest for
                  | the Orb.
     0 | D:1      | Reached XP level 1. HP: 19/19 MP: 0/0
    89 | D:1      | Reached XP level 2. HP: 27/27 MP: 1/1
   398 | D:1      | Reached skill level 4 in Maces & Flails
   450 | D:1      | Found a faded altar of an unknown god.
   874 | D:1      | Reached XP level 3. HP: 33/33 MP: 2/2
   930 | D:1      | Reached ** piety under Trog
  1347 | D:2      | Reached skill level 1 in Ranged Weapons
  1512 | D:2      | Reached XP level 4. HP: 40/40 MP: 3/3
  2783 | D:3      | Found Diebb's Antique Weapon Emporium.
  3290 | D:3      | Found a sacrificial altar of Ru.
  3304 | D:3      | Found a hide-covered altar of Uskayaw.
  3563 | D:4      | Noticed an ogre
  3840 | D:4      | Noticed Grinder
  4054 | D:3      | Reached XP level 5. HP: 47/47 MP: 4/4
  4503 | D:3      | Killed an ogre
  4504 | D:3      | Reached skill level 5 in Maces & Flails
  4504 | D:3      | Reached skill level 1 in Stealth
  4628 | D:4      | Noticed an ogre
  4636 | D:4      | Killed an ogre
  4637 | D:4      | Reached skill level 1 in Throwing
  4637 | D:4      | Reached XP level 6. HP: 46/53 MP: 5/5
  4780 | D:4      | Paralysed by Grinder for 3 turns
  4788 | D:4      | Killed Grinder
  4789 | D:4      | Reached skill level 1 in Shields
  5079 | D:4      | Found an ornate altar of the Wu Jian Council.
  5208 | D:4      | Identified 3 scrolls of acquirement
  5208 | D:4      | Acquired the +0 pair of gloves of Distant Shores {Dex+4
                  | Slay+3}
  5215 | D:4      | Acquired the +3 pair of seven-league boots {Rampage+∞}
  5215 | D:4      | Found the +3 pair of seven-league boots {Rampage+∞}
  5222 | D:4      | Acquired a +4 eveningstar of flaming
  5232 | D:4      | Reached XP level 7. HP: 60/60 MP: 6/6
  5249 | D:4      | Found a hazy altar of Hepliaklqana.
  5288 | D:4      | Found a burning altar of Makhleb.
  5406 | D:5      | Entered Level 5 of the Dungeon
  5503 | D:5      | Identified the +1 cloak of the Iron City of Dis {Drain rF+
                  | rN++ Dex+2}
  5551 | D:5      | Noticed Eustachio
  5556 | D:5      | Found a stormy altar of Qazlal.
  5571 | D:5      | Reached skill level 6 in Maces & Flails
  5571 | D:5      | Reached skill level 5 in Armour
  5601 | D:5      | Found a glowing drain.
  5603 | D:5      | Reached *** piety under Trog
  5608 | Sewer    | Entered a sewer
  5925 | D:5      | Reached skill level 5 in Fighting
  5928 | D:5      | Killed Eustachio
  5988 | D:5      | Found a glowing silver altar of Zin.
  5990 | D:5      | Found a glowing golden altar of the Shining One.
  5991 | D:5      | Found a white marble altar of Elyvilon.
  6022 | D:5      | Noticed a wyvern
  6034 | D:5      | Killed a wyvern
  6035 | D:5      | Reached skill level 7 in Maces & Flails
  6035 | D:5      | Reached XP level 8. HP: 34/69 MP: 7/7
  6199 | D:5      | Found a bloodstained altar of Trog.
  6202 | D:5      | Noticed a wizard
  6207 | D:5      | Killed a wizard
  6449 | D:5      | Found an ancient bone altar of Kikubaaqudgha.
  6449 | D:5      | Found a blossoming altar of Fedhas.
  7035 | D:6      | Reached skill level 8 in Maces & Flails
  7055 | D:6      | Found an opulent altar of Gozag.
  7376 | D:6      | Found a staircase to the Ecumenical Temple.
  7386 | D:6      | Noticed Menkaure
  7386 | D:6      | Noticed Prince Ribbit
  7397 | D:6      | Killed Prince Ribbit
  7403 | D:6      | Killed Menkaure
  7404 | D:6      | Reached skill level 9 in Maces & Flails
  7426 | D:6      | Reached **** piety under Trog
  7427 | D:6      | Reached XP level 9. HP: 59/75 MP: 8/8
  7723 | D:6      | Found a shimmering altar of Xom.
  8164 | D:7      | Found a shadowy altar of Dithmenos.
  8185 | D:7      | Found a sparkling altar of Nemelex Xobeh.
  8200 | D:7      | Found a sand-covered staircase.
  8209 | Ossuary  | Entered an ossuary
  8234 | Ossuary  | Reached skill level 10 in Maces & Flails
  8329 | Ossuary  | Reached skill level 5 in Shields
  8676 | D:7      | Identified the ring "Biprunuc" {rF+ MP+9}
  8848 | D:7      | Reached skill level 11 in Maces & Flails
  9284 | D:8      | Acquired the amulet "Dujya" {Reflect Dex+3 SH+5 SInv}
  9393 | D:8      | Reached XP level 10. HP: 86/86 MP: 9/9
  9541 | D:8      | Noticed a two-headed ogre
  9546 | D:8      | Killed a two-headed ogre
  9547 | D:8      | Reached skill level 12 in Maces & Flails
  9567 | D:8      | Found a radiant altar of Vehumet.
 10111 | D:9      | Found an iron altar of Okawaru.
 10204 | D:9      | Found a snail-covered altar of Cheibriados.
 10308 | D:9      | Found a staircase to the Orcish Mines.
 10764 | D:9      | Noticed Pikel
 10771 | D:9      | Killed Pikel
 10772 | D:9      | Reached skill level 13 in Maces & Flails
 10772 | D:9      | Reached XP level 11. HP: 85/97 MP: 10/10
 10979 | D:10     | Entered Level 10 of the Dungeon
 10979 | D:10     | Noticed a two-headed ogre
 11097 | D:10     | Killed a two-headed ogre
 11103 | D:10     | Noticed Erolcha
 11143 | D:10     | Killed Erolcha
 11143 | D:10     | Noticed a two-headed ogre
 11317 | D:10     | Killed a two-headed ogre
 11332 | D:10     | Found a runed translucent gate.
 11335 | D:10     | Found a runed translucent gate.
 11335 | D:10     | Found a runed translucent gate.
 11338 | D:10     | Found a broken altar of Ashenzari.
 11385 | D:10     | Noticed a ten-headed hydra
 11387 | D:10     | Noticed othur's ghost (novice DjCj)
 11391 | D:10     | Noticed an 11-headed hydra
 11575 | D:10     | Reached skill level 10 in Fighting
 11576 | D:10     | Reached skill level 14 in Maces & Flails
 11633 | D:10     | Found a shimmering blue altar of Sif Muna.
 11730 | D:10     | Reached skill level 10 in Armour
 12055 | D:10     | Found a basalt altar of Yredelemnul.
 12175 | D:11     | Noticed a skeletal warrior
 12190 | D:11     | Killed a skeletal warrior
 12199 | D:11     | Noticed a skeletal warrior
 12200 | D:11     | Noticed a skeletal warrior
 12206 | D:11     | Killed a skeletal warrior
 12217 | D:11     | Killed a skeletal warrior
 12390 | D:11     | Noticed a boulder beetle
 12394 | D:11     | Killed a boulder beetle
 12397 | D:11     | Noticed Grum
 12401 | D:11     | Killed Grum
 12407 | D:11     | Reached XP level 12. HP: 108/108 MP: 11/11
 12548 | D:11     | Reached skill level 15 in Maces & Flails
 12605 | D:11     | Reached ***** piety under Trog
 12744 | D:11     | Found a staircase to the Lair.
 12897 | D:11     | Reached skill level 10 in Shields
 12911 | D:11     | Noticed a death knight
 12919 | D:11     | Killed a death knight
 12929 | D:11     | Noticed an ogre mage
 12942 | D:11     | Noticed a centaur warrior
 12944 | D:11     | Reached skill level 16 in Maces & Flails
 12945 | D:11     | Killed an ogre mage
 12950 | D:11     | Killed a centaur warrior
 12953 | D:11     | Identified the +7 spear of the Old World {flame, +Blink
                  | rF++ rC+ Str+3}
 12953 | D:11     | Noticed a centaur warrior
 12956 | D:11     | Killed a centaur warrior
 13143 | D:11     | Identified the staff of poison "Woosan" {Drain rPois rF+
                  | rN+ Dex+3}
 13402 | Lair:1   | Entered Level 1 of the Lair of Beasts
 13452 | Lair:1   | Identified the amulet of Zuacuuf {Acrobat Rampage rC+
                  | Regen+ Str-2}
 13509 | Lair:1   | Received a gift from Trog
 13701 | Lair:1   | Reached XP level 13. HP: 119/119 MP: 12/12
 13701 | Lair:1   | Noticed Fartwhistle's ghost (journeyman GnHu)
 13705 | Lair:1   | Found a bloodstained altar of Trog.
 13718 | Lair:1   | Found a transporter.
 13720 | Lair:1   | Found a transporter.
 14336 | Lair:1   | Reached skill level 17 in Maces & Flails
 14589 | Lair:1   | Killed Fartwhistle's ghost
 16068 | Lair:2   | Found a sacrificial altar of Ru.
 17355 | Lair:3   | Received a gift from Trog
 17533 | Lair:3   | Found a hole to the Spider Nest.
 17572 | Lair:3   | Found a staircase to the Shoals.
 18253 | Lair:4   | Reached XP level 14. HP: 127/129 MP: 13/13
 18347 | Lair:4   | Found a white marble altar of Elyvilon.
 18815 | Lair:5   | Entered Level 5 of the Lair of Beasts
 18822 | Lair:5   | Found a staircase to the Slime Pits.
 19202 | Lair:5   | Reached skill level 1 in Evocations
 19508 | Lair:5   | Reached skill level 18 in Maces & Flails
 19509 | Lair:5   | Found the +8 mithril axe "Arga" {speed, Will+}
 20039 | Slime:1  | Entered Level 1 of the Pits of Slime
 20039 | Slime:1  | Noticed an azure jelly
 20039 | Slime:1  | Noticed an azure jelly
 20071 | Lair:5   | Mangled by an azure jelly

Illustrated notes

Levels and vault maps discovered:
D:1:      ncdulo_smallfort, layout_loops_ring,
          shapermc_ecumenical_altar_acropolis
D:2:      layout_basic, serial_forest, infiniplex_forest_straight_2,
          infiniplex_forest_lined_room_3, infiniplex_forest_lined_4_way,
          infiniplex_forest_lined_corner, infiniplex_forest_end_2,
          infiniplex_forest_end_2, minmay_split_cup_large
D:3:      layout_loops_cross, mainiacjoe_overflow_big_doors, serial_shops, shop
D:4:      layout_rooms, general_overflow_altar, nzn_wu_jian_contemplation,
          lightli_temple_of_fire, serial_glass, glass_columns_c,
          glass_columns_a, glass_columns_b, uniq_grinder
D:5:      layout_cave_pods, grunt_temple_overflow_growth_and_decay,
          good_gods_temple_1, trog_wizard, kennysheep_mini_moat,
          portal_sewer_entry_f, minmay_misc_feat_tiny, uniq_eustachio
D:6:      layout_basic, grunt_gozag_breadcrumbs, mainiacjoe_overflow_brackets,
          minmay_temple_entry_ruins, uniq_menkaure, uniq_prince_ribbit1
D:7:      layout_cave_pods, mainiacjoe_overflow_surrounded_room,
          mainiacjoe_overflow_catwalk, enter_ossuary_3,
          nicolae_concentric_dashed_squares_mild
D:8:      layout_basic, nicolae_vehumet_altar_sigil, serial_aquarium,
          aquarium_bridge_long_separate [aquarium_subvault_bridge,
          aquarium_subvault_bridge, aquarium_subvault_window,
          aquarium_subvault_window, aquarium_subvault_bridge,
          aquarium_subvault_bridge], aquarium_window_1, aquarium_window_fake,
          aquarium_window_1, aquarium_view_2b, aquarium_view_2c,
          aquarium_balcony_3a, aquarium_pool_side
D:9:      layout_roguey, lemuel_tele_altar, kennysheep_slug_shrine, david_orc_2,
          uniq_pikel
D:10:     layout_cave_pools, tgw_sif, amcnicky_altar_gilded,
          yredelemnul_forgotten_temple_becter, gammafunk_ghost_hydra_chop,
          special_room [special_room_bee], uniq_erolcha
D:11:     layout_rooms, david_lair_generic, chequers_serial_rivers_small_3,
          minmay_the_grid_square_5x5_3x3_mashed
          [minmay_the_grid_square_5x5_three_walls,
          minmay_the_grid_square_5x5_meh,
          minmay_the_grid_square_5x5_doubleslash,
          minmay_the_grid_square_5x5_inner_v,
          minmay_the_grid_square_5x5_megaprize_crossed,
          minmay_the_grid_square_5x5_percent,
          minmay_the_grid_square_5x5_inner_z,
          minmay_the_grid_square_5x5_dogpile,
          minmay_the_grid_square_5x5_minivault], uniq_grum
Lair:1:   layout_long_grid, gammafunk_ghost_wrathful_warriors,
          chequers_serial_rivers_large_a, cheibrodos_lair_reptile_den
Lair:2:   dpeg_oklob_gauntlet, layout_loops_ring, minivault_25,
          lemuel_centaur_altar, grunt_megastairs_4, lemuel_fruit_tree,
          infiniplex_staircase_pool_2, lemuel_fruit_fields
Lair:3:   layout_cave_pods, nicolae_shoals_entry_roost,
          nicolae_spider_entry_non_spiders, grunt_megastairs_1,
          infiniplex_staircase_pool
Lair:4:   layout_roguey, basic_altar
Lair:5:   minmay_lair_end_frog_pond, layout_regular_city,
          minmay_slime_entry_pillars
Slime:1:  layout_caves

Skill      XL: |  1  2  3  4  5  6  7  8  9 10 11 12 13 14 |
---------------+-------------------------------------------+-----
Fighting       | 4 5 6 7 9 10 12 13 14 | 14.9
Maces & Flails | 4 5 7 9 11 13 14 16 17 18 | 18.1
Ranged Weapons | 1 2 |  2.6
Armour         | 3 4 5 7 8 9 10 11 13 | 13.7
Stealth        | 1 2 |  2.0
Throwing       | 1 2 3 4 |  4.7
Dodging        | 3 4 |  4.6
Shields        | 1 2 4 5 8 9 10 12 14 | 14.2
Evocations     | 1 |  1.0

Action                     |  1- 3 |  4- 6 |  7- 9 | 10-12 | 13-15 || total
---------------------------+-------+-------+-------+-------+-------++-------
  Melee: Mace              |    93 |   113 |       |       |       ||   206
         Headbutt          |     8 |    13 |    33 |    75 |   104 ||   233
         Punch             |     3 |       |       |       |       ||     3
         Eveningstar       |       |     1 |   195 |   347 |   433 ||   976
  Throw: Javelin           |    12 |    17 |     5 |     2 |       ||    36
         Stone             |       |       |    41 |    30 |    19 ||    90
         Boomerang         |       |       |       |       |     7 ||     7
 Invoke: Berserk           |     1 |     4 |     3 |     3 |     2 ||    13
         Trog's Hand       |       |       |     1 |     2 |       ||     3
  Evoke: Lightning rod     |       |       |       |     3 |     3 ||     6
    Use: Scroll            |     3 |     5 |     9 |     6 |     8 ||    31
         Potion            |       |     2 |     1 |       |       ||     3
   Stab: Sleeping          |     1 |       |       |       |       ||     1
 Armour: Animal skin       |     4 |       |       |       |       ||     4
         Chain mail        |    26 |    64 |   103 |    25 |       ||   218
         Plate armour      |       |       |       |    56 |   132 ||   188
  Dodge: Dodged            |    53 |    28 |    62 |    57 |    94 ||   294
  Block: Kite shield       |     1 |    26 |    99 |   236 |   323 ||   685
         Reflection        |       |       |     1 |    17 |    15 ||    33
